 Dungeon Crawl Stone Soup version 0.29.1-2-gbd0b4ee654 (webtiles) character file.

Game seed: 15710761059661571001

49 Earthwalker the Shield-Bearer (level 3, 0/33 HPs)
             Began as a Minotaur Fighter on Oct 24, 2022.
             Slain by Grinder (8 damage)
             ... on level 3 of the Dungeon.
             The game lasted 00:02:10 (1990 turns).

Earthwalker the Shield-Bearer (Minotaur Fighter)    Turns: 1990, Time: 00:02:10

Health: 0/33       AC:  7    Str: 22    XL:     3   Next: 53%
Magic:  2/2        EV:  9    Int:  5    God:
Gold:   147        SH:  4    Dex:  9    Spells: 2/2 levels left

rFire   . . .      SeeInvis .   i - +2 war axe (venom)
rCold   . . .      Faith    .   c - +0 buckler
rNeg    . . .      Spirit   .   b - +0 scale mail
rPois   .          Reflect  .   (helmet restricted)
rElec   .          Harm     .   (no cloak)
rCorr   .          Rampage  .   (no gloves)
Will    .....                   (no boots)
Stlth   ..........              (no amulet)
HPRegen 0.11/turn               (no ring)
MPRegen 0.08/turn               (no ring)

@: no status effects
A: horns 2, retaliatory headbutt
a: no special abilities


You were on level 3 of the Dungeon.
You visited 1 branch of the dungeon, and saw 3 of its levels.

You collected 147 gold pieces.

Inventory:

Hand Weapons
 a - a +0 war axe
 i - a +2 war axe of venom (weapon)
Missiles
 p - 4 atropa-tipped darts (quivered)
Armour
 b - a +0 scale mail (worn)
 c - a +0 buckler (worn)
Scrolls
 e - a scroll of teleportation {unknown}
 j - a scroll of summoning {unknown}
 l - 2 scrolls of poison {unknown}
 m - a scroll of fear {unknown}
 n - a scroll of identify {unknown}
Potions
 d - 2 potions of might
 f - 2 potions of degeneration {unknown}
 g - a potion of lignification {unknown}
 h - a potion of invisibility {unknown}
 k - 2 potions of brilliance {unknown}
 o - a potion of haste {unknown}
 q - a potion of heal wounds {unknown}


   Skills:
 + Level 4.1 Fighting
 + Level 3.2 Axes
 + Level 4.2 Armour
 + Level 4.2 Shields


You had 2 spell levels left.
You didn't know any spells.
Your spell library contained the following spells:

 Spells                   Type           Power      Damage    Failure   Level
 Summon Small Mammal      Summ           0%         N/A       87%         1
 Call Canine Familiar     Summ           0%         N/A       99%         3
 Summon Guardian Golem    Hex/Summ       0%         N/A       99%         3


Dungeon Overview and Level Annotations

Branches:
Dungeon (3/15)

Altars:
Fedhas

Annotations:
D:3 Grinder


Innate Abilities, Weirdness & Mutations

You have a pair of horns on your head.
You reflexively headbutt those who attack you in melee.


Message History

You block the frilled lizard's attack.
You barely miss the frilled lizard. You headbutt the frilled lizard.
You kill the frilled lizard!
You slash the fungus! You hit the fungus. You hit the fungus but do no damage.
A nearby fungus withers and dies.
You now have 147 gold pieces (gained 17).
A nearby fungus withers and dies.
Found a spear.
Grinder comes into view.
Grinder shouts!
Grinder blinks!
Grinder moves out of view.
No target in view!
No target in view!
Found a stone staircase leading down.
Grinder is nearby!
Grinder hits you but does no damage.
You slash Grinder!
Grinder is moderately wounded.
Grinder gestures at you.
You suddenly lose the ability to move!
Grinder hits you.
You writhe in agony.
Grinder hits you but does no damage. Grinder gestures at you.
Pain shoots through your body!
You can move again.
Unknown command.
You closely miss Grinder.
Grinder is moderately wounded.
Grinder misses you. You furiously retaliate!
You headbutt Grinder! You hit Grinder but do no damage.
Grinder is heavily wounded.
You block Grinder's attack. Grinder hits you!
* * * LOW HITPOINT WARNING * * *
You writhe in agony.
* * * LOW HITPOINT WARNING * * *
You hit Grinder.
Grinder is poisoned.
Grinder is heavily wounded.
Grinder says, "What is the universe for?"
Grinder hits you!
You die...

##...# ###.# ##.#
#####..#######
.†...........##
P..PPP.#####..##
.......# ##..#
.PPP.P.# #####.####
.....P.###......@.#
.._..P.#...######5#
.....P...### .>.
.PPP.P..## #.#..
....)...# .# .#


PPPPPP..# .# # ........# # ###.....# ####### You could see Grinder (very
poisoned).

Vanquished Creatures
  3 worms (D:2)
  4 endoplasms (D:1)
  2 giant cockroaches (D:1)
  4 goblins
  5 hobgoblins
  2 quokkas (D:1)
  5 bats
  5 frilled lizards
  5 kobolds
  4 rats
39 creatures vanquished.

Vanquished Creatures (others)
  2 fungi (D:3)
2 creatures vanquished.

Grand Total: 41 creatures vanquished

Notes
Turn   | Place    | Note
-------+----------+-------------------------------------------
     0 | D:1      | Earthwalker the Minotaur Fighter began the quest for the
                  | Orb.
     0 | D:1      | Reached XP level 1. HP: 19/19 MP: 0/0
   475 | D:1      | Reached XP level 2. HP: 27/27 MP: 1/1
   802 | D:1      | Reached XP level 3. HP: 29/33 MP: 2/2
  1584 | D:2      | Identified the +4 leather armour of Hoxt {rN+}
  1950 | D:3      | Found a blossoming altar of Fedhas.
  1971 | D:3      | Noticed Grinder
  1984 | D:3      | Paralysed by Grinder for 4 turns
  1990 | D:3      | Slain by Grinder

Illustrated notes

Levels and vault maps discovered:
D:1:      nicolae_arrival_somewhat_less_tricky_arrival, layout_basic,
          amcnicky_mini_pool_small, minmay_pentomino_o2
D:2:      layout_loops_cross
D:3:      layout_basic, mainiacjoe_overflow_cross_hatched,
          chequers_ecumenical_altar_simple_redux, uniq_terence, uniq_grinder

Skill      XL: |  1  2 |
---------------+-------+-----
Fighting       | 4 |  4.1
Armour         | 4 |  4.2
Shields        | 4 |  4.2
Axes           | 3 |  3.2

Action                   || total
-------------------------++-------
Melee: War axe           ||    55
       Headbutt          ||     5
Armor: Scale mail        ||    14
Dodge: Dodged            ||    17
Block: Buckler           ||    13
